 Dungeon Crawl Stone Soup version 0.20-a0-739-g6bb112f (webtiles) character file.

72 polly the Shield-Bearer (level 4, -6/28 HPs)
             Began as a Gargoyle Fighter on Feb 25, 2017.
             Mangled by Terence
             ... wielding a +3 short sword of distortion
              (20 damage)
             ... on level 3 of the Dungeon.
             The game lasted 00:01:23 (1303 turns).

polly the Shield-Bearer (Gargoyle Fighter)          Turns: 1303, Time: 00:01:24

Health: -6/28      AC: 12    Str: 19    XL:     4   Next: 26%
Magic:  4/4        EV:  7    Int:  9    God:
Gold:   133        SH:  9    Dex: 10    Spells: 3/3 levels left

rFire    . . .     SeeInvis .   l - +0 whip (venom)
rCold    . . .     Gourm    .   b - +0 scale mail
rNeg     + . .     Faith    .   c - +0 shield
rPois    ∞         Spirit   .   k - +2 hat
rElec    +         Reflect  .   (no cloak)
rCorr    .         Harm     .   (no gloves)
MR       .....                  (no boots)
Stlth    ..........             (no amulet)
Regen    0.1/turn               (no ring)
MPRegen  0.1/turn               (no ring)

@: no status effects
A: negative energy resistance 1, electricity resistance, unbreathing,
petrification resistance, rot immunity, AC +3
a: no special abilities


You were on level 3 of the Dungeon.
You were hungry.

You visited 1 branch of the dungeon, and saw 3 of its levels.

You collected 133 gold pieces.

Inventory:

Hand Weapons
 l - a +0 whip of venom (weapon)
Armour
 b - a +0 scale mail (worn)
 c - a +0 shield (worn)
 k - a +2 hat (worn)
Scrolls
 e - a scroll of remove curse {unknown}
 h - a scroll of magic mapping {unknown}
 j - 3 scrolls of amnesia {unknown}
 m - a scroll of enchant armour {unknown}
 n - a scroll of identify {unknown}
 q - a scroll of enchant weapon {unknown}
Potions
 a - a potion of resistance {unknown}
 d - a potion of might
 i - a potion of degeneration {unknown}
 o - a potion of cancellation {unknown}
 p - a potion of heal wounds {unknown}
Comestibles
 f - 2 bread rations
 g - 6 fruits
 r - a meat ration


   Skills:
 + Level 3.5 Fighting
 + Level 2.8 Maces & Flails
 + Level 3.8 Armour
 + Level 0.5 Dodging
 + Level 4.1 Shields


You had 3 spell levels left.
You didn't know any spells.

Dungeon Overview and Level Annotations

Branches:
Dungeon (3/15)

Altars:

Annotations:
D:3 Terence


Innate Abilities, Weirdness & Mutations

You are resistant to torment.
Your stone body is resilient. (AC +3)
You are immune to poison.
You resist negative energy. (rN+)
You are resistant to electric shocks. (rElec)
You can survive without breathing.
You are immune to petrification.
You are immune to rotting.


Message History

No target in view!
No target in view!
No target in view!
No target in view!
No target in view!
No target in view!
You see here a club.
You are feeling hungry.
Found a stone staircase leading up.
There is a stone staircase leading up here.
You see here a club.
Terence the Incautious comes into view.
He is wielding a short sword of distortion.
Terence shouts!
Terence hits you but does no damage. Space warps horribly around you!
You barely miss Terence. You block Terence's attack.
You barely miss Terence.
Terence hits you with a short sword of distortion.
Space warps horribly around you!
Ouch! That really hurt!
You die...

..# ###. ## #.#
###+#... ..# #.#
#.......♣..# #.#
#......♣_♣.# #.#
#.......♣..# #.#
#..........# #@#
#.........#####@#
#...............#
#..........######
##..........####
.......(.......#
.....#########.#
...### #.####
...###########....#
.........#.#...##)###


You could see Terence.

Vanquished Creatures
  An adder (D:2)
  An ooze (D:1)
  A worm (D:2)
  2 dart slugs
  3 leopard geckos
  3 bats (D:1)
  4 giant cockroaches
  6 goblins
  3 hobgoblins
  4 jackals (D:1)
  4 quokkas
  3 frilled lizards (D:2)
  9 kobolds
  A rat (D:2)
45 creatures vanquished.

Notes
Turn   | Place    | Note
-------+----------+-------------------------------------------
     0 | D:1      | polly the Gargoyle Fighter began the quest for the Orb.
     0 | D:1      | Reached XP level 1. HP: 14/14 MP: 1/1
   164 | D:1      | Reached XP level 2. HP: 19/19 MP: 2/2
   492 | D:1      | Reached XP level 3. HP: 18/23 MP: 3/3
   711 | D:2      | Reached skill level 4 in Shields
   842 | D:2      | Reached XP level 4. HP: 21/28 MP: 4/4
  1242 | D:3      | Found a faded altar of an unknown god.
  1300 | D:3      | Noticed Terence
  1303 | D:3      | Mangled by Terence

Vault maps used:
D:1:      tarquinn_simple_flora_water_b
D:2:      first_bread
D:3:      grunt_qazlal_clouds, lemuel_blue_sif_altar,
          chequers_ecumenical_altar_simple, minmay_misc_feat_more_columns,
          uniq_terence, uniq_jessica, uniq_natasha

Skill      XL: |  1  2  3 |
---------------+----------+-----
Shields        | 4 |  4.1
Fighting       | |  3.5
Maces & Flails | |  2.8
Armour         | |  3.8
Dodging        | |  0.5

Action                   |  1- 3 |  4- 6 || total
-------------------------+-------+-------++-------
Melee: Flail             |    94 |       ||    94
       Whip              |    43 |    28 ||    71
  Eat: Chunk             |       |     1 ||     1
Armor: Scale mail        |   102 |    13 ||   115
Dodge: Dodged            |    69 |     9 ||    78
Block: Shield            |   109 |    14 ||   123
